 Dungeon Crawl Stone Soup version 0.20-a0-446-g9649680 (webtiles) character file.

79 rilsen the Digger (level 4, -8/24 HPs)
             Began as a Kobold Earth Elementalist on Jan 7, 2017.
             Mangled by Sigmund
             ... wielding a +3 scythe of holy wrath
              (13 damage)
             ... on level 2 of the Dungeon.
             The game lasted 00:14:30 (3358 turns).

rilsen the Digger (Kobold Earth Elementalist)       Turns: 3358, Time: 00:14:31

Health: -8/24      AC:  2    Str: 10    XL:     4   Next: 64%
Magic:  8/8        EV: 15    Int: 17    God:
Gold:   117        SH:  0    Dex: 15    Spells: 3/9 levels left

rFire  . . .     SeeInvis .     p - +0 war axe (curse)
rCold  . . .     Gourm    .     c - +0 robe
rNeg   . . .     Faith    .     (shield restricted)
rPois  .         Spirit   .     (no helmet)
rElec  .         Reflect  .     (no cloak)
rCorr  .         Harm     .     (no gloves)
MR     .....                    (no boots)
Stlth  ++........               (no amulet)
                                (no ring)
                                (no ring)

@: mighty
A: carnivore 3
a: no special abilities


You were on level 2 of the Dungeon.
You were completely stuffed.

You visited 1 branch of the dungeon, and saw 3 of its levels.

You collected 117 gold pieces.

Inventory:

Hand Weapons
 a - a +0 club
 g - a +0 short sword
 i - a +0 spear
 n - a +0 war axe
 p - a cursed +0 war axe (weapon)
Missiles
 f - 51 bolts
 r - 16 stones (quivered)
Armour
 c - a +0 robe (worn)
Wands
 m - a wand of lightning (4/15)
Scrolls
 h - a scroll of teleportation
Potions
 b - a potion of heal wounds {unknown}
 j - a potion of flight {unknown}
 k - a potion of might
Books
 e - a book of Geomancy

   Spells                             Type                      Level
   a - Sandblast                      Earth                        1
   b - Passwall                       Transmutation/Earth          2
   c - Stone Arrow                    Conjuration/Earth            3
   d - Petrify                        Transmutation/Earth          4
   e - Lee's Rapid Deconstruction     Earth                        5
 o - a Fen Folio

   Spells                             Type                      Level
   a - Corpse Rot                     Necromancy                   2
   b - Stone Arrow                    Conjuration/Earth            3
   c - Leda's Liquefaction            Hexes/Earth                  4
   d - Summon Forest                  Summoning/Translocation      5
   e - Hydra Form                     Transmutation                6
   f - Summon Hydra                   Summoning                    7
Comestibles
 d - 2 meat rations
 l - a royal jelly
 q - 3 chunks of flesh


   Skills:
 * Level 0.2 Fighting
 + Level 0.3 Short Blades
 * Level 0.5 Axes
 - Level 2.5 Dodging
 - Level 2.6 Stealth
 - Level 3.1 Spellcasting
 - Level 0.2 Conjurations
 + Level 1.0 Transmutations
 - Level 4.1 Earth Magic


You had 3 spell levels left.
You knew the following spells:

 Your Spells              Type           Power        Failure   Level  Hunger
a - Sandblast             Erth           ###...       3%          1    None
b - Passwall              Tmut/Erth      ##........   12%         2    ##.....
c - Stone Arrow           Conj/Erth      ##....       24%         3    ###....


Dungeon Overview and Level Annotations

Branches:
Dungeon (3/15)

Altars:
Ru
The Shining One

Annotations:
D:2 Robin, Sigmund


Innate Abilities, Weirdness & Mutations

You are small and have problems with some larger weapons.
You are carnivorous and can eat meat at any time.


Message History

You feel very mighty all of a sudden.
You open the door.
There is an open door here.
There is an open door here.
Sigmund shouts!
Sigmund hits you from afar with a scythe of holy wrath!
Sigmund hits you with a scythe of holy wrath!
* * * LOW HITPOINT WARNING * * *
You closely miss Sigmund. Sigmund completely misses you.
You closely miss Sigmund.
Sigmund screams, "Die, monster!"
Sigmund barely misses you.
You slice Sigmund!!
Sigmund is severely wounded.
Sigmund drinks a potion.
Sigmund is healed!
You closely miss Sigmund.
Sigmund is moderately wounded.
Sigmund hits you with a scythe of holy wrath!
Ouch! That really hurt!
You die...

#.###.......÷...#######
#.........#)#####
###########># #.# #.#
##.## # ####... .#
##### ###....@# #.###
#≈≈≈# .......@##.....
#≈_≈# ###.........# #.#
#...# ##.#...##.# #.#
#.≈.# ##.......# #.#
#...# ##...#### #.#
#.≈.# ##.## #.# #...#
#.# #.# #.≈.# #.#
###.### #...#### ##'##
#.._..#


You could see Sigmund.

Vanquished Creatures
  An adder (D:2)
  An ooze (D:1)
  A worm (D:2)
  A dart slug (D:2)
  A leopard gecko (D:1)
  An orc (D:2)
  5 bats
  6 giant cockroaches
  6 goblins
  8 hobgoblins
  2 jackals (D:3)
  4 ball pythons
  2 frilled lizards (D:2)
  11 kobolds
  6 rats
56 creatures vanquished.

Notes
Turn   | Place    | Note
-------+----------+-------------------------------------------
     0 | D:1      | rilsen the Kobold Earth Elementalist began the quest for the Orb.
     0 | D:1      | Reached XP level 1. HP: 10/10 MP: 3/3
   146 | D:1      | Reached XP level 2. HP: 15/15 MP: 1/5
   162 | D:1      | Learned a level 2 spell: Passwall
   796 | D:1      | Reached XP level 3. HP: 19/19 MP: 2/6
   931 | D:1      | Learned a level 3 spell: Stone Arrow
  1044 | D:2      | Noticed Sigmund
  1162 | D:2      | Noticed Robin
  1245 | D:2      | Reached skill level 4 in Earth Magic
  1853 | D:2      | Reached XP level 4. HP: 24/24 MP: 5/8
  3152 | D:2      | Found a glowing golden altar of the Shining One.
  3230 | D:2      | Found a sacrificial altar of Ru.
  3358 | D:2      | Mangled by Sigmund

Vault maps used:
D:1:      evilmike_arrival_plus
D:2:      lemuel_crystal_altar, nicolae_ru_path_of_blood, uniq_sigmund,
          uniq_robin
D:3:      serial_bayou_crossing

Skill      XL: |  1  2  3  4 |
---------------+-------------+-----
Earth Magic    | 4 |  4.1
Spellcasting   | 3 |  3.1
Fighting       | |  0.2
Short Blades   | |  0.3
Axes           | |  0.5
Dodging        | |  2.5
Stealth        | |  2.6
Conjurations   | |  0.2
Transmutations | |  1.0

Action                   |  1- 3 |  4- 6 || total
-------------------------+-------+-------++-------
Melee: Short sword       |     3 |       ||     3
       War axe           |       |    92 ||    92
 Cast: Sandblast         |    58 |     6 ||    64
       Stone Arrow       |       |     2 ||     2
Evoke: Wand              |     1 |       ||     1
  Use: Scroll            |     1 |     1 ||     2
       Potion            |       |     1 ||     1
 Stab: Sleeping          |       |     3 ||     3
  Eat: Chunk             |    12 |     5 ||    17
Armor: Robe              |     4 |    13 ||    17
Dodge: Dodged            |    18 |    97 ||   115
